 Dungeon Crawl Stone Soup version 0.28-a0-622-gbaef9634d7 (webtiles) character file.

Game seed: 15233961110968375351

69430 sleeves the Unseen (level 15, -3/80 HPs)
             Began as a Vine Stalker Monk on Oct 6, 2021.
             Was the Champion of Kikubaaqudgha.
             Killed from afar by Nikola (12 damage)
             ... with a bolt of lightning
             ... on level 1 of the Spider Nest on Oct 7, 2021.
             The game lasted 01:19:29 (23098 turns).

sleeves the Unseen (Vine Stalker Monk)             Turns: 23098, Time: 01:19:29

Health: -3/80      AC: 16    Str: 18    XL:     15   Next: 29%
Magic:  0/30       EV: 20    Int: 17    God:    Kikubaaqudgha [******]
Gold:   3371       SH:  5    Dex: 17    Spells: 3/34 levels left

rFire   + . .      SeeInvis .   H - +4 scimitar (flame)
rCold   + . .      Faith    .   z - +0 buckler
rNeg    + + .      Spirit   +   J - +0 acid dragon scales
rPois   +          Reflect  .   l - +0 hat of Kiteug {rElec rF+ rCorr}
rElec   +          Harm     .   f - +1 cloak {rPois}
rCorr   +          Rampage  +   i - +4 pair of gloves "Doahaq" {Rampage Str+3 Int+2}
Will    ++++.      Clarity  +   t - +0 pair of boots
Stlth   ++++++....              P - amulet of the Four Winds {rN+ Will+++ Clar}
HPRegen 1.23/turn               S - ring "Wunkagou" {Fly rElec rC+ rN+ EV+4}
MPRegen 0.22/turn               N - +4 ring of evasion

@: on berserk cooldown, flying, slowed, very slow
A: fangs 3, regeneration 1, magic shield, antimagic bite, no potion heal 2
a: Renounce Religion, Receive Corpses, Torment, Brand Weapon With Pain, Receive
Forbidden Knowledge


You were on level 1 of the Spider Nest.
You worshipped Kikubaaqudgha.
Kikubaaqudgha was exalted by your worship.
You visited 5 branches of the dungeon, and saw 25 of its levels.
You also visited: Ice Cave.

You collected 4212 gold pieces.
You spent 841 gold pieces at shops.

Inventory:

Hand Weapons
 h - a +2 dagger of venom
   (You took it off a goblin on level 2 of the Dungeon)
 H - a +4 scimitar of flaming (weapon)
   (You took it off Erica on level 8 of the Dungeon)
 K - a +4 dagger of distortion
   (You took it off Psyche on level 8 of the Dungeon)
 M - a +4 short sword of speed
   (You took it off an orc on level 9 of the Dungeon)
Armour
 f - a +1 cloak of poison resistance (worn)
   (You bought it in a shop on level 9 of the Dungeon)
 i - the +4 pair of gloves "Doahaq" (worn) {Rampage Str+3 Int+2}
   (You acquired it on level 9 of the Dungeon)

   Str:       It affects your strength (+3).
   Int:       It affects your intelligence (+2).
   Rampage:   It bestows one free step when moving towards enemies.
 l - the +0 hat of Kiteug (worn) {rElec rF+ rCorr}
   (You bought it in a shop on level 2 of the Orcish Mines)

   rF:        It protects you from fire.
   rElec:     It insulates you from electricity.
   rCorr:     It protects you from acid and corrosion.
 s - a +0 kite shield
   (You took it off an orc wizard on level 5 of the Dungeon)
 t - a +0 pair of boots (worn)
   (You found it on level 5 of the Dungeon)
 z - a +0 buckler (worn)
   (You took it off a gnoll sergeant on level 6 of the Dungeon)
 J - +0 acid dragon scales (worn)
   (You found it on level 9 of the Dungeon)
Jewellery
 w - a ring of fire
   (You found it on level 6 of the Dungeon)
 F - the amulet "Xoize" {RegenMP +Blink rF+ rN+ Dex-2}
   (You found it in an ice cave)

   [amulet of magic regeneration]

   It increases your rate of magic regeneration.
   Dex:       It affects your dexterity (-2).
   rF:        It protects you from fire.
   rN:        It protects you from negative energy.
   +Blink:    It lets you blink.
 N - a +4 ring of evasion (right hand)
   (You found it on level 9 of the Dungeon)
 P - the amulet of the Four Winds (around neck) {rN+ Will+++ Clar}
   (You found it on level 9 of the Dungeon)

   [amulet of nothing]

   rN:        It protects you from negative energy.
   Clar:      It protects you against confusion.
   Will:      It greatly increases your willpower.
 R - a ring of protection from fire
   (You found it on level 2 of the Lair of Beasts)
 S - a ring "Wunkagou" (left hand) {Fly rElec rC+ rN+ EV+4}
   (You bought it in a shop on level 11 of the Dungeon)

   [ring of evasion]

   EV:        It affects your evasion (+4).
   rC:        It protects you from cold.
   rElec:     It insulates you from electricity.
   rN:        It protects you from negative energy.
   Fly:       It grants you flight.
 Y - a ring of ice
   (You found it on level 4 of the Lair of Beasts)
Wands
 a - a wand of acid (18)
   (You found it on level 4 of the Dungeon)
 Q - a wand of iceblast (13)
   (You found it on level 10 of the Dungeon)
 T - a wand of flame (80)
   (You found it on level 11 of the Dungeon)
 X - a wand of mindburst (14)
   (You found it on level 4 of the Lair of Beasts)
Scrolls
 b - 5 scrolls of magic mapping
 e - 7 scrolls of fog
 j - a scroll of silence {unknown}
 p - 2 scrolls of blinking
 x - 4 scrolls of vulnerability
 y - 2 scrolls of fear
 C - 4 scrolls of teleportation
 D - 4 scrolls of amnesia
 G - 2 scrolls of holy word
 L - a scroll of brand weapon {unknown}
 W - 2 scrolls of enchant weapon
 Z - a scroll of enchant armour {unknown}
Potions
 c - 5 potions of brilliance
 d - 4 potions of might
 g - 8 potions of curing
 k - a potion of resistance {unknown}
 m - 3 potions of attraction
 n - 2 potions of invisibility {unknown}
 o - a potion of magic {unknown}
 v - a potion of berserk rage
 A - a potion of haste
 E - a potion of mutation {unknown}
 I - a potion of ambrosia {unknown}
 V - 3 potions of flight {unknown}
Miscellaneous
 O - a tin of tremorstones (2/2)
   (You found it on level 9 of the Dungeon)


   Skills:
 - Level 10.0 Fighting
 - Level 7.3(8.0) Short Blades
 - Level 5.1(7.0) Long Blades
 + Level 6.7 Armour
 - Level 2.4 Dodging
 + Level 15.6 Stealth
 - Level 4.0 Shields
 - Level 10.0 Spellcasting
 - Level 7.0 Hexes
 + Level 12.9 Necromancy


You had 3 spell levels left.
You knew the following spells:

 Your Spells              Type           Power      Damage    Failure   Level
a - Confusing Touch       Hex            32%        N/A       1%          3
b - Excruciating Wounds   Necr           25%        N/A       1%          5
c - Animate Dead          Necr           25%        N/A       1%          4
d - Agony                 Necr           51%        N/A       1%          5
e - Vampiric Draining     Necr           25%        2d9       1%          3
f - Death Channel         Necr           25%        N/A       9%          6
g - Borgnjor's Vile Clut  Necr/Erth      15%        N/A       22%         5

Your spell library contained the following spells:

 Spells                   Type           Power      Damage    Failure   Level
 Animate Skeleton         Necr           100%       N/A       1%          1
 Pain                     Necr           100%       1d9       1%          1
 Corpse Rot               Necr/Air       N/A        N/A       1%          2
 Slow                     Hex            32%        N/A       1%          2
 Sublimation of Blood     Necr           25%        N/A       1%          2
 Apportation              Tloc           16%        N/A       11%         1
 Shock                    Conj/Air       32%        1d5       11%         1
 Sting                    Tmut/Pois      32%        1d4       11%         1
 Summon Small Mammal      Summ           32%        N/A       11%         1
 Passwall                 Tmut/Erth      6%         N/A       16%         2
 Poisonous Vapours        Pois/Air       16%        N/A       16%         2
 Static Discharge         Conj/Air       8%         N/A       16%         2
 Swiftness                Air            8%         N/A       32%         3
 Dispel Undead            Necr           51%        3d19      1%          4
 Summon Mana Viper        Hex/Summ       20%        N/A       56%         5
 Invisibility             Hex            16%        N/A       67%         6
 Olgreb's Toxic Radiance  Pois           8%         N/A       71%         4
 Summon Ice Beast         Ice/Summ       8%         N/A       71%         4
 Simulacrum               Ice/Necr       15%        N/A       75%         6
 Alistair's Intoxication  Tmut/Pois      5%         N/A       96%         5
 Lightning Bolt           Conj/Air       4%         1d15      96%         5
 Summon Forest            Summ/Tloc      4%         N/A       96%         5
 Borgnjor's Revivificati  Necr           25%        N/A       98%         8
 Eringya's Noxious Bog    Tmut/Pois      4%         N/A       100%        6
 Starburst                Conj/Fire      4%         6d3       100%        6
 Monstrous Menagerie      Summ           4%         N/A       100%        7
 Orb of Destruction       Conj           4%         9d2       100%        7
 Ozocubu's Refrigeration  Ice            4%         4d5       100%        7
 Summon Hydra             Summ           4%         N/A       100%        7
 Ignition                 Fire           4%         3d4       100%        8
 Maxwell's Capacitive Co  Air            4%         ∞         100%        8
 Necromutation            Tmut/Necr      15%        N/A       100%        8
 Death's Door             Necr           25%        N/A       100%        9


Dungeon Overview and Level Annotations

Branches:
Dungeon (15/15)            Temple (1/1) D:5            Lair (6/6) D:11
 Shoals (0/4) Lair:4       Spider (1/4) Lair:4        Slime (0/5) Lair:6
    Orc (2/2) D:12            Elf (0/3) Orc:2         IceCv (visited)
 Vaults: D:13-14     Depths: D:15

Altars:
Ashenzari
Cheibriados
Dithmenos
Elyvilon
Fedhas
Gozag
Hepliaklqana
Kikubaaqudgha
Makhleb
Nemelex Xobeh
Okawaru
Qazlal
Ru
Sif Muna
Trog
Uskayaw
Vehumet
Wu Jian
Xom
Yredelemnul
Zin
The Shining One
Beogh

Shops:
D:9 *   D:10 *   D:11 *(=!   Orc:2 [(([

Portals:
Trove: D:12 (give +2 shadow dragon scales)

Annotations:
D:3 2 runed translucent doors, FilthyApe's ghost, amateur MiFi; SkeletonJelly's ghost, amateur SpAK
D:8 3 runed translucent doors, avis's ghost, novice HOMo
D:9 1 runed translucent door
D:15 Azrael
Spider:1 Nikola


Innate Abilities, Weirdness & Mutations

You have razor-sharp teeth.
Your natural rate of healing is unusually fast.
When hurt, damage is shared between your health and your magic reserves.
Your bite disrupts and absorbs the magic of your enemies.
Potions cannot restore your health.


Message History

No target in view!
Things that are here:
a +0 flail of protection; a +0 ring mail; an orc corpse Done exploring.
Done exploring.
(D) Dungeon (T) Temple (L) Lair (A) Shoals (N) Spider Nest (M) Slime Pits (O) Orcish Mines (E) Elven Halls
Where to? (Enter - Orc:1, ? - help)
There is a stone staircase leading down here.
You fly downwards.
An orc wizard comes into view. It is wielding a +0 dagger.
The orc sorcerer's eyes start to glow.
The orc barely misses you.
The orc warrior hits you but does no damage.
The orc barely misses you.
There is a stone staircase leading up, spattered with blood here.
There are monsters nearby!
There are monsters nearby!
You barely miss the orc warrior. You bite the orc warrior. You drain its power.
The orc warrior is lightly wounded.
You block the orc warrior's attack.
You slice the orc warrior!! You burn the orc warrior. You bite the orc warrior.
You drain its power.
The orc warrior is almost dead.
The orc warrior barely misses you.
You closely miss the orc warrior.
The orc warrior is almost dead.
The orc warrior misses you. You block the orc's attack.
The orc sorcerer completely misses you. The orc hits you with a +0 club.
You barely miss the orc warrior.
You bite the orc warrior, but do no damage.
The orc warrior is almost dead.
The orc warrior closely misses you. The orc closely misses you.
The orc sorcerer howls an incantation.
The orc sorcerer's hands start to glow.
The orc sorcerer hits you but does no damage.
The orc hits you but does no damage.
An orc warrior comes into view. It is wielding a +0 war axe.
You barely miss the orc warrior.
The orc warrior shouts!
You bite the orc warrior, but do no damage.
The orc warrior is almost dead.
You hear a shout! x2
The orc warrior hits you with a +1 hand axe of freezing!
The orc warrior freezes you. You block the orc's attack.
The orc sorcerer closely misses you.
You hit the orc warrior but do no damage.
You bite the orc warrior, but do no damage.
The orc warrior is almost dead.
You block the orc warrior's attack. The orc completely misses you.
The orc sorcerer barely misses you. The orc misses you.
You barely miss the orc warrior. Your bite misses the orc warrior.
The orc warrior is almost dead.
You block the orc warrior's attack. The orc barely misses you.
The orc sorcerer gestures wildly while chanting.
The sixfirhy hits you but does no damage. x2
The sixfirhy closely misses you. The orc wizard barely misses you.
The orc warrior hits you with a +1 hand axe of freezing!
The orc warrior freezes you. The orc completely misses you.
The orc sorcerer hits you with a +0 dagger.
The sixfirhy barely misses you.
You fly upwards.
The sixfirhy disappears in a puff of smoke!
There is a stone staircase leading down here.
You slash the orc sorcerer! You burn the orc sorcerer.
The orc sorcerer is heavily wounded.
The orc wizard hits you but does no damage.
The orc warrior hits you but does no damage.
The orc hits you but does no damage. The orc warrior closely misses you.
The orc sorcerer closely misses you. The orc closely misses you.
You hit the orc sorcerer but do no damage.
The orc sorcerer is heavily wounded.
The orc wizard gestures at you while chanting.
You block the puff of flame. The orc warrior closely misses you.
The orc closely misses you. The orc warrior closely misses you.
You block the orc sorcerer's attack. The orc barely misses you.
You closely miss the orc sorcerer. Your bite misses the orc sorcerer.
The orc sorcerer is heavily wounded.
The orc wizard gestures at you while chanting.
The puff of flame hits you but does no damage.
The orc warrior completely misses you. The orc closely misses you.
The orc warrior completely misses you.
The orc sorcerer hits you but does no damage.
The orc hits you but does no damage.
You barely miss the orc sorcerer.
You bite the orc sorcerer, but do no damage.
The orc sorcerer is heavily wounded.
The orc wizard barely misses you.
The orc warrior hits you but does no damage.
The orc completely misses you. The orc warrior barely misses you.
The orc sorcerer closely misses you. The orc closely misses you.
You closely miss the orc warrior. You bite the orc warrior.
You drain its power.
You feel invigorated.
The orc warrior is almost dead.
The orc wizard closely misses you. The orc warrior barely misses you.
The orc misses you. The orc warrior closely misses you.
The orc sorcerer misses you. You block the orc's attack.
You closely miss the orc sorcerer. You bite the orc sorcerer.
The orc sorcerer's magic leaks into the air.
You drain its magic.
You feel invigorated.
The orc sorcerer is heavily wounded.
The orc wizard barely misses you. The orc warrior completely misses you.
The orc misses you. You block the orc sorcerer's attack.
The orc warrior hits you with a +0 flail.
You block the orc's attack. You block the orc wizard's attack.
You slash the orc sorcerer! You burn the orc sorcerer.
You kill the orc sorcerer!
Kikubaaqudgha accepts your kill. The orc warrior closely misses you.
The orc closely misses you.
The orc warrior hits you with a +0 flail!
The orc misses you.
The orc wizard hits you but does no damage.
You hit the orc warrior. You burn the orc warrior.
You kill the orc warrior!
Kikubaaqudgha accepts your kill. The orc closely misses you.
The orc warrior barely misses you. The orc hits you but does no damage.
The orc wizard casts a spell.
The orc wizard flickers and vanishes!
Deactivating autopickup; reactivate with Ctrl-A.
You hit the orc warrior but do no damage.
Your bite misses the orc warrior. The orc closely misses you.
You block the orc warrior's attack. The orc misses you.
Something barely misses you.
You hit the orc warrior. You burn the orc warrior.
You bite the orc warrior, but do no damage.
The orc warrior is moderately wounded.
The orc misses you.
The orc warrior hits you but does no damage.
The orc closely misses you.
You hear some strange, mumbled words.
A magic dart appears from out of thin air!
The magic dart hits you!
You barely miss the orc warrior.
The orc warrior is moderately wounded.
The orc misses you.
The orc warrior hits you but does no damage.
The orc completely misses you. Something closely misses you.
You block the orc's attack.
You hit the orc warrior. You burn the orc warrior.
The orc warrior is severely wounded.
The orc warrior misses you. The orc closely misses you.
You hear some strange, mumbled words.
A puff of flame appears from out of thin air!
The puff of flame hits you but does no damage.
You block the orc's attack.
You slash the orc warrior! You burn the orc warrior.
You kill the orc warrior!
Kikubaaqudgha accepts your kill. You block the orc's attack.
Something hits you but does no damage. You block the orc's attack.
You hit the orc. You burn the orc.
The orc is severely wounded.
The orc misses you. Something hits you but does no damage. The orc misses you.
You slice the orc!! You burn the orc.
You kill the orc!
Kikubaaqudgha accepts your kill. You block the orc's attack.
Something barely misses you.
You slash the orc! You burn the orc.
You kill the orc!
Kikubaaqudgha accepts your kill.
You hear some strange, mumbled words.
A magic dart appears from out of thin air!
The magic dart hits you.
No target in view!
No target in view!
No target in view!
No target in view!
No target in view!
No target in view!
No target in view!
No target in view!
No target in view!
No target in view!
No target in view!
No target in view!
No target in view!
No target in view!
No target in view!
No target in view!
No target in view!
You closely miss something. Your bite misses something.
You block something's attack.
You slash something! You burn something. Your bite misses something.
Something hits you but does no damage.
You hit something. You burn something. Your bite misses something.
You block something's attack.
You closely miss something. You bite something.
Kikubaaqudgha accepts your kill.
Reactivating autopickup.
You feel a bit more experienced.
Things that are here:
a +0 dagger; a +0 robe
Things that are here:
a +0 dagger; a +0 robe
There is a stone staircase leading down, spattered with blood here.
You fly downwards.
You block the orc warrior's attack.
The orc warrior hits you but does no damage.
There is a stone staircase leading up, spattered with blood here.
You hit the orc warrior. You burn the orc warrior.
The orc warrior is lightly wounded.
The orc misses you.
The orc warrior hits you with a +0 war axe.
The orc warrior closely misses you.
An orc comes into view. It is wielding a +0 club.
You slash the orc warrior! You burn the orc warrior.
The orc warrior is heavily wounded.
The orc closely misses you. You block the orc warrior's attack.
The orc warrior hits you but does no damage.
You hit the orc warrior but do no damage.
You bite the orc warrior. You drain its power.
You feel invigorated.
The orc warrior is severely wounded.
The orc misses you. The orc warrior barely misses you.
You block the orc warrior's attack.
You hit the orc warrior. You burn the orc warrior.
The orc warrior is almost dead.
The orc hits you but does no damage.
The orc warrior hits you with a +0 mace.
An orc wizard comes into view. It is wielding a +0 dagger.
You hit the orc warrior but do no damage.
The orc warrior is almost dead.
The orc completely misses you. The orc warrior barely misses you.
The orc priest calls down the wrath of Beogh upon you.
Beogh smites you! The orc warrior completely misses you.
You slash the orc warrior! You burn the orc warrior.
You kill the orc warrior!
Kikubaaqudgha accepts your kill. You block the orc's attack.
The orc warrior misses you.
The orc priest hits you but does no damage.
The orc closely misses you. You block the orc's attack.
You slash the orc warrior! You burn the orc warrior.
The orc warrior is heavily wounded.
You block the orc warrior's attack.
The orc priest calls down the wrath of Beogh upon you.
Beogh smites you! The orc misses you. The orc hits you with a +0 club.
You hit the orc warrior. You burn the orc warrior. You bite the orc warrior!
You drain its power.
You feel invigorated.
The orc warrior is almost dead.
The orc warrior barely misses you.
The orc priest hits you with a +2 vorpal hand axe.
The orc misses you. The orc barely misses you.
You barely miss the orc warrior. You bite the orc warrior.
You kill the orc warrior!
Kikubaaqudgha accepts your kill.
The orc priest invokes the aid of Beogh against you.
Beogh smites you! The orc closely misses you.
You hit the orc priest. You burn the orc priest.
The orc priest is moderately wounded.
The orc priest closely misses you. The orc misses you.
The orc hits you with a +0 club.
You hit the orc priest. You burn the orc priest.
Your bite misses the orc priest.
The orc priest is severely wounded.
The orc priest hits you but does no damage.
The orc wizard gestures at you while chanting.
The puff of flame hits you but does no damage.
The orc hits you but does no damage. The orc closely misses you.
You barely miss the orc priest.
The orc priest is severely wounded.
The orc priest invokes the aid of Beogh against you.
Beogh smites you! The orc wizard misses you. The orc hits you with a +0 club.
The orc completely misses you.
You are too injured to fight recklessly!
You are too injured to fight recklessly!
You are too injured to fight recklessly!
You are too injured to fight recklessly!
You are too injured to fight recklessly!
You are too injured to fight recklessly!
You are too injured to fight recklessly!
You are too injured to fight recklessly!
You are too injured to fight recklessly!
You are too injured to fight recklessly!
You are too injured to fight recklessly!
Unknown command.
You hit the orc priest. You burn the orc priest. You bite the orc priest.
You kill the orc priest!
Kikubaaqudgha accepts your kill.
The orc wizard sings a few bars from the Orcish anthem.
The orc wizard hits you but does no damage.
You block the orc's attack. The orc completely misses you.
You slash the orc wizard! You burn the orc wizard.
You kill the orc wizard!
Kikubaaqudgha accepts your kill. You block the orc's attack.
The orc misses you.
You closely miss the orc. You bite the orc. You drain its power.
You feel invigorated.
The orc is heavily wounded.
The orc hits you but does no damage. You block the orc's attack.
You slash the orc! You burn the orc.
You kill the orc!
Kikubaaqudgha accepts your kill. The orc hits you but does no damage.
You slash the orc! You burn the orc.
You kill the orc!
Kikubaaqudgha accepts your kill.
An orc comes into view. It is wielding a +0 short sword.
An orc is nearby!
An orc is nearby!
Things that are here:
a +0 dagger; a +0 robe An orc warrior comes into view.
It is wielding a +0 flail.
There is an open gate here.
You rampage towards the orc!
The orc shouts!
You hit the orc. You burn the orc. You bite the orc. You drain its power.
You feel invigorated.
The orc is almost dead.
You hear a shout! x3
The orc completely misses you.
An orc warrior comes into view. It is wielding a +0 war axe.
You hear a shout!
You hit the orc. You burn the orc.
You kill the orc!
Kikubaaqudgha accepts your kill.
An orc priest comes into view. It is wielding a +0 club.
You hit the orc warrior but do no damage.
You bite the orc warrior! You drain its power.
The orc warrior is moderately wounded.
The orc warrior misses you.
An orc warrior comes into view. It is wielding a +0 dire flail.
You slash the orc warrior! You burn the orc warrior.
Your bite misses the orc warrior.
The orc warrior is almost dead.
The orc warrior closely misses you.
An orc comes into view. It is wielding a +0 short sword.
The orc warrior closely misses you.
You hit the orc warrior. You burn the orc warrior. You bite the orc warrior.
You drain its power.
The orc warrior is almost dead.
The orc warrior barely misses you. The orc warrior misses you.
The orc priest invokes the aid of Beogh against you.
Beogh smites you!
You closely miss the orc warrior.
The orc warrior is almost dead.
You block the orc warrior's attack. The orc warrior barely misses you.
You hit the orc warrior. You burn the orc warrior.
You kill the orc warrior!
Kikubaaqudgha accepts your kill. The orc warrior closely misses you.
You block the orc priest's attack.
You slash the orc warrior! You burn the orc warrior.
The orc warrior is almost dead.
The orc warrior barely misses you. The orc priest closely misses you.
The orc completely misses you.
You completely miss the orc warrior.
You bite the orc warrior, but do no damage.
The orc warrior is almost dead.
The orc warrior misses you.
The orc priest invokes the aid of Beogh against you.
Beogh smites you!
An orc comes into view. It is wielding a +0 short sword.
The orc shouts!
You slash the orc warrior! You burn the orc warrior.
You kill the orc warrior!
Kikubaaqudgha accepts your kill. The orc priest closely misses you.
The orc barely misses you. The orc warrior closely misses you.
You hit the orc warrior but do no damage.
The orc priest calls down the wrath of Beogh upon you.
Beogh smites you! The orc hits you but does no damage.
You block the orc warrior's attack.
You hit the orc warrior. You burn the orc warrior. You bite the orc warrior.
You drain its power.
You feel invigorated.
The orc warrior is moderately wounded.
The orc priest miscasts a cantrip.
The orc hits you but does no damage. The orc warrior closely misses you.
You hit the orc warrior. You burn the orc warrior.
You bite the orc warrior, but do no damage.
The orc warrior is heavily wounded.
The orc priest calls down the wrath of Beogh upon you.
Beogh smites you! The orc misses you. The orc warrior misses you.
You slash the orc warrior! You burn the orc warrior.
You kill the orc warrior!
Kikubaaqudgha accepts your kill. The orc priest barely misses you.
You block the orc's attack.
You barely miss the orc priest. You bite the orc priest. You drain its power.
You feel invigorated.
The orc priest is moderately wounded.
You block the orc priest's attack. The orc closely misses you.
You closely miss the orc priest.
The orc priest is moderately wounded.
The orc priest misses you. The orc misses you. The orc closely misses you.
You hit the orc priest. You burn the orc priest. You bite the orc priest.
You drain its power.
The orc priest is almost dead.
The orc priest closely misses you. The orc hits you but does no damage.
You block the orc's attack.
You slash the orc priest! You burn the orc priest.
You kill the orc priest!
Kikubaaqudgha accepts your kill. The orc misses you. The orc barely misses you.
You hit the orc. You burn the orc. You bite the orc.
You kill the orc!
Kikubaaqudgha accepts your kill. The orc completely misses you.
You hit the orc but do no damage. The orc hits you but does no damage.
You slash the orc! You burn the orc.
You kill the orc!
Kikubaaqudgha accepts your kill.
No target in view!
No target in view!
No target in view!
No target in view!
No target in view!
No target in view!
No target in view!
No target in view!
No target in view!
No target in view!
HP restored.
Things that are here:
a +0 short sword; an orc corpse
Items here: )) [[ ††.
Items here: )) [ ÷ †.
Things that are here:
a +0 short sword; a +0 war axe; a +0 chain mail
Things that are here:
a +0 flail; a +0 plate armour; an orc corpse
Items here: )) [[ ÷.
Items here: ))) [[ ÷.
There is an open gate here.
Things that are here:
a +0 short sword; an orc skeleton
Things that are here:
a +0 club; a +0 falchion; an orc corpse
Things that are here:
a +2 vorpal hand axe; an orc corpse
There is a stone staircase leading up, spattered with blood here.
Items here: )) [ †.
Items here: )) [[ †.
You now have 3565 gold pieces (gained 14).
You reach down and open the door. 2 orcs and an orc warrior come into view.
Found a roughly hewn altar of Beogh.
There are monsters nearby!
There are monsters nearby!
You rampage towards the orc warrior!
An orc wizard comes into view. It is wielding a +0 dagger.
The helpless orc fails to defend itself.
You slice the orc!! You burn the orc.
You kill the orc!
Kikubaaqudgha accepts your kill.
You rampage towards the orc warrior!
The helpless orc warrior fails to defend itself.
You slash the orc warrior! You burn the orc warrior.
Your bite misses the orc warrior.
The orc warrior is severely wounded.
The orc shouts!
The orc wizard shouts!
The orc wizard gestures wildly while chanting.
The orc wizard flickers and vanishes!
Deactivating autopickup; reactivate with Ctrl-A.
The orc warrior closely misses you.
You hit the orc warrior. You burn the orc warrior. You bite the orc warrior!
You kill the orc warrior!
Kikubaaqudgha accepts your kill.
You hit the orc. You burn the orc.
The orc is severely wounded.
You block the orc's attack.
You barely miss the orc. You bite the orc.
You kill the orc!
Kikubaaqudgha accepts your kill. Something hits you but does no damage.
No target in view!
No target in view!
No target in view!
No target in view!
No target in view!
No target in view!
No target in view!
No target in view!
No target in view!
No target in view!
No target in view!
No target in view!
You hear some strange, mumbled words.
A magic dart appears from out of thin air!
The magic dart hits you.
There is a strange disturbance nearby!
There is a strange disturbance nearby!
No target in view!
You hit something but do no damage. You bite something. You drain its magic.
You feel invigorated. Something barely misses you.
You hit something. You burn something. You bite something.
Kikubaaqudgha accepts your kill.
Reactivating autopickup.
You feel a bit more experienced.
Things that are here:
a +0 dagger; a +0 robe
There is a roughly hewn altar of Beogh here.
Things that are here:
a +0 short sword; an orc corpse
There is an open door here.
There is a stone staircase leading up here.
You fly upwards.
The orc shouts!
The orc warrior shouts!
The orc shouts!
The orc warrior shouts!
The orc shouts!
The orc wizard shouts!
The orc shouts!
You block the orc warrior's attack. The orc closely misses you.
You block the orc's attack. The orc warrior completely misses you.
The orc warrior hits you with a +0 hand axe!
The orc hits you but does no damage. The orc warrior closely misses you.
Found 29 gold pieces.
There is a stone staircase leading down, spattered with blood here.
The orc shouts!
You hit the orc warrior. You burn the orc warrior.
You bite the orc warrior, but do no damage.
The orc warrior is lightly wounded.
The orc warrior closely misses you. The orc misses you.
The orc warrior misses you. The orc hits you but does no damage.
You hit the orc warrior. You burn the orc warrior.
The orc warrior is lightly wounded.
The orc warrior hits you with a +0 hand axe.
You block the orc's attack. You block the orc warrior's attack.
The orc completely misses you.
You hit the orc warrior but do no damage.
You bite the orc warrior! You drain its power.
You feel invigorated.
The orc warrior is heavily wounded.
The orc hits you but does no damage. x2; The orc warrior completely misses you.
You barely miss the orc warrior.
The orc warrior is heavily wounded.
The orc barely misses you. The orc warrior completely misses you.
The orc closely misses you. The orc misses you. The orc barely misses you.
You barely miss the orc warrior.
The orc warrior is heavily wounded.
The orc misses you.
The orc wizard hits you with a +0 dagger.
The orc completely misses you. You block the orc warrior's attack.
You block the orc's attack. The orc warrior closely misses you.
The orc completely misses you.
You hit the orc warrior but do no damage.
You bite the orc warrior. You drain its power.
The orc warrior is heavily wounded.
The orc closely misses you. You block the orc wizard's attack.
The orc hits you but does no damage. The orc warrior misses you.
The orc misses you.
The orc warrior hits you with a +0 hand axe!
You block the orc's attack.
You barely miss the orc warrior. You bite the orc warrior! You drain its power.
You feel invigorated.
The orc warrior is almost dead.
The orc completely misses you. The orc wizard barely misses you.
The orc barely misses you.
The orc warrior hits you from afar with a +0 halberd.
The orc hits you but does no damage.
The orc warrior hits you but does no damage.
The orc closely misses you.
You completely miss the orc warrior.
The orc warrior is almost dead.
The orc misses you. The orc wizard barely misses you.
The orc hits you with a +0 club. You block the orc warrior's attack.
The orc hits you but does no damage. You block the orc warrior's attack.
The orc hits you with a +0 hand axe.
You slash the orc warrior! You burn the orc warrior.
You kill the orc warrior!
Kikubaaqudgha accepts your kill. The orc closely misses you.
The orc warrior hits you but does no damage.
The orc misses you. The orc wizard barely misses you.
The orc completely misses you. The orc closely misses you.
You hit the orc wizard. You burn the orc wizard.
Your bite misses the orc wizard.
The orc wizard is moderately wounded.
The orc closely misses you. The orc warrior misses you.
The orc barely misses you.
The orc wizard gestures at you while chanting.
The magic dart hits you but does no damage.
The orc hits you with a +0 mace.
You hit the orc wizard. You burn the orc wizard.
The orc wizard is moderately wounded.
The orc completely misses you. The orc closely misses you.
The orc warrior hits you but does no damage.
The orc wizard completely misses you. You block the orc's attack.
The orc closely misses you.
You hit the orc wizard. You burn the orc wizard.
Your bite misses the orc wizard.
The orc wizard is severely wounded.
The orc completely misses you. The orc misses you. x2
The orc warrior hits you but does no damage.
The orc wizard closely misses you. The orc hits you but does no damage.
The orc barely misses you.
You hit the orc wizard. You burn the orc wizard.
You kill the orc wizard!
Kikubaaqudgha accepts your kill. You block the orc's attack.
The orc closely misses you. The orc warrior completely misses you.
The orc closely misses you. You block the orc's attack. x2
You hit the orc. You burn the orc.
The orc is heavily wounded.
The orc barely misses you.
The orc hits you from afar with a +0 trident.
The orc warrior misses you. The orc hits you but does no damage.
You block the orc's attack. x2
You closely miss the orc. You bite the orc.
You kill the orc!
Kikubaaqudgha accepts your kill. The orc completely misses you.
The orc barely misses you. The orc warrior completely misses you.
You block the orc's attack.
The orc hits you but does no damage. x2; You block the orc's attack.
You hit the orc. You burn the orc.
You kill the orc!
Kikubaaqudgha accepts your kill.
The orc warrior hits you from afar with a +0 halberd.
The orc completely misses you. The orc barely misses you.
The orc warrior completely misses you.
You closely miss the orc. Your bite misses the orc. The orc closely misses you.
The orc completely misses you. The orc barely misses you.
The orc warrior hits you but does no damage.
You barely miss the orc. Your bite misses the orc. The orc barely misses you.
The orc hits you with a +0 hand axe. The orc barely misses you.
The orc warrior hits you but does no damage.
You barely miss the orc. You bite the orc. You drain its power.
You feel invigorated.
The orc is heavily wounded.
The orc hits you but does no damage. The orc closely misses you.
You block the orc's attack.
The orc warrior hits you from afar with a +0 halberd!
You closely miss the orc.
The orc is heavily wounded.
The orc barely misses you. The orc misses you. You block the orc's attack.
The orc warrior hits you from afar with a +0 halberd!
You block the orc's attack.
You slash the orc! You burn the orc.
You kill the orc!
Kikubaaqudgha accepts your kill. You block the orc's attack.
The orc warrior completely misses you. The orc barely misses you.
You hit the orc. You burn the orc. You bite the orc.
You kill the orc!
Kikubaaqudgha accepts your kill. The orc misses you.
The orc warrior hits you but does no damage.
You rampage towards the orc!
You closely miss the orc. You bite the orc. You drain its power.
You feel invigorated.
The orc is almost dead.
The orc hits you but does no damage.
The orc warrior hits you with a +0 halberd!
You are too injured to fight recklessly!
You are too injured to fight recklessly!
You are too injured to fight recklessly!
You are too injured to fight recklessly!
You are too injured to fight recklessly!
You are too injured to fight recklessly!
You are too injured to fight recklessly!
You are too injured to fight recklessly!
You are too injured to fight recklessly!
You are too injured to fight recklessly!
You are too injured to fight recklessly!
You are too injured to fight recklessly!
You are too injured to fight recklessly!
You are too injured to fight recklessly!
You are too injured to fight recklessly!
There are monsters nearby!
You slash the orc warrior! You burn the orc warrior.
Your bite misses the orc warrior.
The orc warrior is heavily wounded.
The orc misses you.
The orc warrior hits you but does no damage.
You slash the orc warrior! You burn the orc warrior.
Your bite misses the orc warrior.
The orc warrior is almost dead.
The orc hits you but does no damage. The orc warrior barely misses you.
You completely miss the orc warrior.
The orc warrior is almost dead.
The orc misses you. The orc warrior completely misses you.
You hit the orc. You burn the orc.
You kill the orc!
Kikubaaqudgha accepts your kill. You block the orc warrior's attack.
You hit the orc warrior but do no damage.
Your bite misses the orc warrior.
The orc warrior is almost dead.
The orc warrior misses you.
You hit the orc warrior but do no damage.
Your bite misses the orc warrior.
The orc warrior is almost dead.
The orc warrior closely misses you.
You hit the orc warrior but do no damage.
The orc warrior is almost dead.
The orc warrior misses you.
You slash the orc warrior! You burn the orc warrior.
You kill the orc warrior!
Kikubaaqudgha accepts your kill.
No target in view!
Found 5 gold pieces.
Things that are here:
a +0 halberd; a +0 plate armour HP restored.
Magic restored.
Items here: )) [ ††.
Items here: )) [ †.
Items here: )) [ ††.
You now have 3594 gold pieces (gained 29).
You now have 3599 gold pieces (gained 5).
You now have 3633 gold pieces (gained 34).
Done exploring.
Done exploring.
Done exploring.
Done exploring.
(D) Dungeon (T) Temple (L) Lair (A) Shoals (N) Spider Nest (M) Slime Pits (O) Orcish Mines (E) Elven Halls
Where to? (Enter - Orc:2, ? - help)
You see here a +0 whip.
There is a stone staircase leading down, spattered with blood here.
You fly downwards.
There is a stone staircase leading up here.
There is an open door here.
Things that are here:
a +0 flail; an orc corpse
Things that are here:
a +0 chain mail; a +0 dire flail
There is an open door here.
There is an open gate here.
Items here: )) [[.
Things that are here:
a +0 plate armour; a +0 flail; an orc corpse
Things that are here:
a +0 chain mail; a +0 war axe; a +0 short sword
There is an open door here.
Found Joilexta's Antique Weapon Boutique.
Found a roughly hewn altar of Beogh.
Found Axka's Antique Armour Shop.
There is an entrance to Joilexta's Antique Weapon Boutique here.
There is an entrance to Axka's Antique Armour Shop here.
Thank you for shopping at Axka's Antique Armour Shop!
Okay, then.
You can't carry that many items.
Drop what? 52/52 slots (_ for help) (? for menu, Esc to quit)
You start removing your armour.
You continue taking off your +1 hat. x4
You finish taking off your +1 hat.
You drop a +1 hat.
l - the +0 hat of Kiteug {rElec rF+ rCorr} You start putting on your armour.
You continue putting on the +0 hat of Kiteug {rElec rF+ rCorr}. x4
You finish putting on the +0 hat of Kiteug {rElec rF+ rCorr}.
Okay, then.
Okay, then.
Things that are here:
a +0 chain mail; a +0 war axe; a +0 short sword
Things that are here:
a +0 plate armour; a +0 flail; an orc skeleton
Items here: )) [[.
There is an open gate here.
You see here a +0 giant club.
You reach down and open the door.
An orc, an orc warrior and an orc priest come into view.
There are monsters nearby!
There are monsters nearby!
There are monsters nearby!
You rampage towards the orc!
The helpless orc fails to defend itself.
You slice the orc!! You burn the orc.
You kill the orc!
Kikubaaqudgha accepts your kill.
You rampage towards the orc warrior!
The helpless orc warrior fails to defend itself.
You open the orc warrior like a pillowcase!!!
You burn the orc warrior!
You kill the orc warrior!
Kikubaaqudgha accepts your kill.
The helpless orc priest fails to defend itself.
You slice the orc priest!! You burn the orc priest.
You kill the orc priest!
Kikubaaqudgha accepts your kill.
No target in view!
No target in view!
No target in view!
No target in view!
No target in view!
No target in view!
No target in view!
No target in view!
No target in view!
No target in view!
No target in view!
No target in view!
No target in view!
Things that are here:
a +0 hand axe; a +0 leather armour
Things that are here:
a +0 halberd; a boomerang; a +0 plate armour
Things that are here:
a +0 flail; an orc corpse
There is an open door here.
You now have 3371 gold pieces (gained 8).
Done exploring.
Done exploring.
Done exploring.
Done exploring.
Saving game... please wait.
Welcome back, sleeves the Vine Stalker Monk.
Kikubaaqudgha says: Spread unending torment and darkness!
Press ? for a list of commands and other information.
Done exploring.
Done exploring.
Done exploring.
Drop what? 52/52 slots (_ for help) (? for menu, Esc to quit)
You drop an amulet of regeneration.
You drop an amulet of the acrobat.
You drop a ring of willpower.
You drop a +6 ring of strength.
Drop what? 48/52 slots (_ for help) (? for menu, Esc to quit)
Okay, then.
As you read the scroll of identify, it crumbles to dust.
y - 2 scrolls of fear Drop what? 47/52 slots (_ for help) (? for menu, Esc to quit)
Okay, then.
This spell is dangerous to cast!
Memorise Borgnjor's Vile Clutch, consuming 5 spell levels and leaving 3?
You start memorising the spell.
You continue memorising. x5
You finish memorising.
Spell assigned to 'g'.
Okay, then.
Done exploring.
Done exploring.
Done exploring.
(D) Dungeon (T) Temple (L) Lair (A) Shoals (N) Spider Nest (M) Slime Pits (O) Orcish Mines (E) Elven Halls
Where to? (? - help)
What level of the Dungeon? (default 12, ? - help)
Things that are here:
a +0 club; a +0 falchion
There is a stone staircase leading up, spattered with blood here.
You fly upwards.
There is a stone staircase leading down, spattered with blood here.
Things that are here:
a +0 robe; a +0 dagger
Things that are here:
a +0 chain mail of fire resistance; a +0 trident
Items here: )) [[.
There is a staircase back to the Dungeon, spattered with blood here.
Things that are here:
3 boomerangs; a +2 whip of electrocution You fly upwards.
Welcome back to the Dungeon!
There is a staircase to the Orcish Mines here.
There's nothing to open nearby.
Unknown command.
(D) Dungeon (T) Temple (L) Lair (A) Shoals (N) Spider Nest (M) Slime Pits (O) Orcish Mines (E) Elven Halls
Where to? (Enter - D:12, ? - help)
Okay, then.
Okay, then.
Unknown command.
(D) Dungeon (T) Temple (L) Lair (A) Shoals (N) Spider Nest (M) Slime Pits (O) Orcish Mines (E) Elven Halls
Where to? (Enter - D:12, ? - help)
What level of the Spider Nest? (default 1, ? - help)
Things that are here:
a +0 plate armour; a +0 glaive
There is an open door, spattered with blood here.
Things that are here:
a +0 plate armour; a +0 dire flail
Items here: )))) [[.
There is an open door here.
Things that are here:
a +1 chain mail of poison resistance; a +1 long sword
There is a stone staircase leading up here.
You fly upwards.
There is a stone staircase leading down here.
There is a staircase to the Lair here.
You fly downwards.
Welcome back to the Lair of Beasts!
There is a staircase back to the Dungeon here.
You see here 8 stones.
There is a stone staircase leading down here.
You fly downwards.
There is a stone staircase leading up here.
There is a stone staircase leading down here.
You fly downwards.
There is a stone staircase leading up, spattered with blood here.
There is a stone staircase leading down here.
Things that are here:
2 potions of degeneration; 7 potions of heal wounds You fly downwards.
There is a stone staircase leading up here.
There is a hole to the Spider Nest here.
You fly downwards.
Welcome to the Spider Nest!
This branch is unnaturally silent, and so sound travels much further.
This branch contains the gossamer rune of Zot.
There is a crawl-hole back to the Lair here.
Found a falchion.
A demonic crawler comes into view.
A demonic crawler is nearby!
Found a blackened ruby amulet.
The demonic crawler gives a hideous shriek!
You hear a shout!
You rampage towards the demonic crawler!
You slash the demonic crawler! You burn the demonic crawler.
Your bite misses the demonic crawler.
The demonic crawler is moderately wounded.
The demonic crawler hits you but does no damage.
The demonic crawler completely misses you.
The demonic crawler hits you but does no damage.
You hit the demonic crawler.
The demonic crawler is moderately wounded.
The demonic crawler barely misses you. You block the demonic crawler's attack.
The demonic crawler hits you but does no damage.
The demonic crawler hits you.
The demonic crawler hits you but does no damage.
The demonic crawler closely misses you.
Nikola the Mad Inventor comes into view.
He is wielding a +2 rapier of electrocution.
You slash the demonic crawler! You burn the demonic crawler.
You bite the demonic crawler, but do no damage.
The demonic crawler is heavily wounded.
The demonic crawler hits you!
The demonic crawler hits you but does no damage. x2
You hit the demonic crawler but do no damage.
You bite the demonic crawler, but do no damage.
The demonic crawler is heavily wounded.
The demonic crawler completely misses you.
The demonic crawler closely misses you. The demonic crawler barely misses you.
The demonic crawler hits you but does no damage. x2
The demonic crawler closely misses you.
Nikola points at you and mumbles some strange words.
The bolt of lightning misses you. The demonic crawler misses you.
The demonic crawler hits you but does no damage.
The demonic crawler closely misses you. Nikola gestures at you while chanting.
The bolt of lightning hits the demonic crawler!!
The demonic crawler resists.
The bolt of lightning misses you.
Nikola mumbles some strange words.
Lightning arcs from Nikola's hands!
The bolt of lightning hits the demonic crawler!!!
The demonic crawler resists.
The demonic crawler dies!
A bolt of lightning appears from out of thin air!
The bolt of lightning hits you!! You resist.
There is a crawl-hole back to the Lair here.
Okay, then.
Unknown command.
Cast which spell? (? or * to list)
Your +4 scimitar of flaming shrieks in agony.
You rampage towards Nikola!
You barely miss Nikola. Your bite misses Nikola. Nikola completely misses you.
You hit Nikola. You bite Nikola, but do no damage.
Nikola is lightly wounded.
Nikola casts a spell.
Nikola blinks!
You hit Nikola. Your bite misses Nikola.
Nikola is lightly wounded.
Nikola misses you.
You slash Nikola!
Nikola writhes in agony.
You bite Nikola, but do no damage.
Nikola is lightly wounded.
Nikola hits you but does no damage.
You slash Nikola!
Nikola writhes in agony.
Nikola is lightly wounded.
Nikola barely misses you.
You slice Nikola!!
Nikola writhes in agony!
Your bite misses Nikola.
Nikola is moderately wounded.
Nikola hits you but does no damage.
You closely miss Nikola. You bite Nikola.
Nikola's magic leaks into the air.
You drain his magic.
You feel invigorated.
Nikola is moderately wounded.
Nikola closely misses you.
Unknown command.
Casting: Excruciating Wounds (dangerous; 7% risk of failure)
Confirm with . or Enter, or press ? or * to list all spells.
Aiming: Agony (dangerous; 7% risk of failure)
Press: ? - help, Shift-Dir - straight line, f - Nikola
Aim: Nikola, wielding a +2 rapier of electrocution, wearing a +0 cloak and wearing a +0 pair of gloves (moderately wounded, chance to affect: 37%) Nikola easily resists.
Nikola hits you with a +2 rapier of electrocution.
Casting: Agony (dangerous; 7% risk of failure)
Confirm with . or Enter, or press ? or * to list all spells.
Aiming: Agony (dangerous; 7% risk of failure)
Press: ? - help, Shift-Dir - straight line, f/p - Nikola
Aim: Nikola, wielding a +2 rapier of electrocution, wearing a +0 cloak and wearing a +0 pair of gloves (moderately wounded, chance to affect: 37%) Nikola convulses!
Your +4 scimitar of flaming seems less pained.
Nikola casts a spell.
Lightning arcs from Nikola's hands!
The bolt of lightning hits you!!!! You resist.
* * * LOW MAGIC WARNING * * *
Ouch! That really hurt!
* * * LOW HITPOINT WARNING * * *
A bolt of lightning appears from out of thin air!
The bolt of lightning hits Nikola!
You hear an angry hiss.
Okay, then.
You slash Nikola! You burn Nikola.
Nikola is severely wounded.
Nikola casts a spell at you. The bolt of lightning hits you! You resist.
* * * LOW MAGIC WARNING * * *;
* * * LOW HITPOINT WARNING * * *
Okay, then.
A red film seems to cover your vision as you go berserk!
You feel yourself moving faster!
You feel mighty! Nikola completely misses you.
You slash Nikola! You burn Nikola. Your bite misses Nikola.
Nikola is almost dead.
Nikola gestures wildly while chanting.
Nikola blinks!
You rampage towards Nikola!
You feel a strong urge to attack something.
Nikola mumbles some strange words.
Nikola blinks!
You feel your anger nearly subside.
You are no longer berserk.
You are exhausted.
You feel yourself slow down.
You rampage towards Nikola!
You closely miss Nikola. Your bite misses Nikola.
Nikola is almost dead.
Nikola gestures at you while chanting. The bolt of lightning hits you!
You resist.
* * * LOW MAGIC WARNING * * *
You die...
Kikubaaqudgha rasps: "You have failed me!
Welcome... death!"

#### #..## ###
########..^####.### #
#...........##....# #.#
.#.....@@.........# ..#
#............##...#..#
#............##....#
#............##....#
##....)........<###.....
##.......#####.# ...##
.".....##.# ##.# ...
.....## #.# #.. ## #....
#^# #.#


You could see Nikola.

Vanquished Creatures
  Rupert (Orc:2)
  2 orc warlords (D:12)
  Nessos (D:12)
  Snorg (D:12)
  A fire dragon (D:9)
  An ice dragon (IceCv)
  A boulder beetle (D:9)
  3 centaur warriors (D:15)
  6 hydras
  A catoblepas (Lair:6)
  6 two-headed ogres
  Erica (D:8)
  A deep troll shaman (Lair:6)
  5 death yaks
  4 manticores
  3 orc sorcerers
  3 deep elf pyromancers
  An ugly thing (D:15)
  A will-o-the-wisp (D:13)
  5 elephants (Lair:6)
  3 cyclopes
  Maurice (D:8)
  4 black mambas
  2 ice statues (IceCv)
  11 cane toads
  A freezing wraith (D:9)
  A komodo dragon (shapeshifter) (D:13)
  9 komodo dragons
  Psyche (D:8)
  7 rime drakes
  4 polar bears
  2 hornets
  6 trolls
  A wind drake (Lair:4)
  4 slime creatures
  27 blink frogs
  3 wyverns
  4 vampires
  5 basilisks
  42 yaks
  5 vampire mosquitoes
  4 wargs
  20 water moccasins
  5 acid dragons
  A hell hound (D:15)
  39 orc warriors
  3 black bears
  4 sky beasts
  4 necrophages
  A wolf (shapeshifter) (D:9)
  3 ogres
  14 wolves
  14 centaurs
  2 kobold brigands
  Blork the orc (D:4)
  A gnoll sergeant (D:6)
  12 bullfrogs
  A wyvern zombie (D:6)
  4 scorpions
  2 lindwurm simulacra (IceCv)
  3 howler monkeys
  8 komodo dragon simulacra (IceCv)
  A bullfrog zombie (D:6)
  4 centaur zombies
  2 jellies
  A centaur skeleton (D:5)
  A hound (D:4)
  23 orc priests
  Crazy Yiuf (D:4)
  A bullfrog skeleton (D:6)
  5 iguanas
  6 hell rats (Lair:2)
  30 orc wizards
  2 centaur simulacra
  2 howler monkey zombies
  8 gnolls
  5 acid dragon simulacra (IceCv)
  11 adders
  2 white imps (D:6)
  6 steam dragon simulacra (IceCv)
  A worm (D:2)
  2 dart slugs
  134 orcs
  7 endoplasms
  7 giant cockroaches
  9 goblins
  4 hobgoblins
  6 jackals
  3 quokkas
  6 ball pythons
  4 bats
  5 frilled lizards
  10 kobolds
  8 rats
654 creatures vanquished.

Vanquished Creatures (others)
  A demonic crawler (Spider:1)
  A bullfrog (D:8)
  10 foxfires (D:13)
  14 fungi
  36 plants
62 creatures vanquished.

Grand Total: 716 creatures vanquished

Notes
Turn   | Place    | Note
-------+----------+-------------------------------------------
     0 | D:1      | sleeves the Vine Stalker Monk began the quest for the Orb.
     0 | D:1      | Reached XP level 1. HP: 11/11 MP: 2/2
   114 | D:1      | Reached skill level 3 in Stealth
   236 | D:1      | Found a faded altar of an unknown god.
   248 | D:1      | Reached XP level 2. HP: 16/16 MP: 3/3
   380 | D:1      | HP: 8/16 [constriction (1)]
   600 | D:1      | Reached skill level 4 in Stealth
  1076 | D:1      | Reached XP level 3. HP: 18/19 MP: 4/4
  1685 | D:2      | Reached skill level 5 in Stealth
  1940 | D:2      | Gained mutation: Your natural rate of healing is unusually
                  | fast. [Vine Stalker growth]
  1940 | D:2      | Reached XP level 4. HP: 16/23 MP: 5/5
  1969 | D:2      | Reached skill level 6 in Stealth
  2414 | D:3      | Noticed a sky beast
  2420 | D:3      | Reached XP level 5. HP: 23/27 MP: 6/6
  2429 | D:3      | Killed a sky beast
  2430 | D:3      | Reached skill level 7 in Stealth
  2552 | D:3      | Noticed a vault guard
  2552 | D:3      | Noticed FilthyApe's ghost (amateur MiFi)
  2553 | D:3      | Noticed SkeletonJelly's ghost (amateur SpAK)
  2553 | D:3      | Noticed a vault warden
  2554 | D:3      | Found a large runed translucent door.
  2554 | D:3      | Found a large runed translucent door.
  2591 | D:3      | Reached XP level 6. HP: 32/32 MP: 5/7
  2658 | D:3      | Reached skill level 8 in Stealth
  3057 | D:4      | Learned a level 3 spell: Confusing Touch
  3205 | D:4      | HP: 15/32 [iguana (9)]
  3323 | D:4      | Reached skill level 3 in Short Blades
  3323 | D:4      | Reached skill level 1 in Hexes
  3544 | D:4      | Noticed Blork the orc
  3556 | D:4      | Killed Blork the orc
  3567 | D:4      | Noticed a necrophage
  3586 | D:4      | Reached XP level 7. HP: 34/35 MP: 5/8
  3602 | D:4      | Reached skill level 2 in Hexes
  3675 | D:4      | Found a runed translucent door.
  3676 | D:4      | Noticed Crazy Yiuf
  3959 | D:4      | HP: 7/35 [Crazy Yiuf (15)]
  3964 | D:4      | Killed Crazy Yiuf
  3965 | D:4      | Reached skill level 9 in Stealth
  4085 | D:5      | Entered Level 5 of the Dungeon
  4118 | D:5      | Reached skill level 4 in Short Blades
  4176 | D:5      | Reached skill level 3 in Hexes
  4238 | D:5      | Gained mutation: You have razor-sharp teeth. [Vine Stalker
                  | growth]
  4238 | D:5      | Reached XP level 8. HP: 39/39 MP: 9/9
  4291 | D:5      | HP: 13/39 [orc priest/divine providence (10)]
  4291 | D:5      | HP: 1/39 [gnoll (12)]
  4436 | D:5      | HP: 19/39 [orc (4)]
  4440 | D:5      | Reached skill level 4 in Hexes
  4444 | D:5      | Reached skill level 10 in Stealth
  4519 | D:5      | Found a staircase to the Ecumenical Temple.
  4560 | Temple   | Entered the Ecumenical Temple
  4880 | Temple   | Became a worshipper of Kikubaaqudgha
  4880 | Temple   | Reached * piety under Kikubaaqudgha
  4880 | Temple   | Received a gift from Kikubaaqudgha
  4880 | Temple   | Reached ** piety under Kikubaaqudgha
  5225 | D:6      | HP: 15/39 [wyvern zombie (10)]
  5234 | D:6      | Reached skill level 5 in Short Blades
  5381 | D:6      | Reached skill level 5 in Hexes
  5484 | D:6      | Reached XP level 9. HP: 43/43 MP: 10/10
  5633 | D:6      | Found an opulent altar of Gozag.
  5867 | D:6      | Reached skill level 11 in Stealth
  5884 | D:6      | Reached skill level 1 in Shields
  5957 | D:7      | Reached skill level 6 in Short Blades
  6033 | D:7      | HP: 17/42 [scorpion (6)]
  6038 | D:6      | HP: 14/43 [poisoned by a scorpion]
  6100 | D:7      | Reached skill level 2 in Shields
  6125 | D:7      | Reached skill level 6 in Hexes
  6408 | D:7      | Reached *** piety under Kikubaaqudgha
  6408 | D:7      | Received a gift from Kikubaaqudgha
  6409 | D:7      | Reached skill level 3 in Shields
  6415 | D:7      | Learned a level 5 spell: Excruciating Wounds
  6595 | D:8      | Found a runed translucent gate.
  6595 | D:8      | Found a runed translucent gate.
  6595 | D:8      | Found a runed translucent gate.
  6595 | D:8      | Noticed a nine-headed hydra
  6596 | D:8      | Noticed avis's ghost (novice HOMo)
  6596 | D:8      | Noticed Erica
  6600 | D:8      | Killed Erica
  6601 | D:8      | Reached skill level 7 in Short Blades
  6601 | D:8      | Reached skill level 12 in Stealth
  6601 | D:8      | Reached XP level 10. HP: 47/47 MP: 11/11
  6727 | D:8      | Reached skill level 7 in Hexes
  6812 | D:8      | Noticed a two-headed ogre
  6835 | D:7      | HP: 23/47 [poisoned by a hornet]
  6840 | D:7      | HP: 22/48 [poisoned by a hornet]
  6899 | D:8      | Noticed Maurice
  6899 | D:8      | Noticed Psyche
  6997 | D:8      | Reached skill level 4 in Shields
  6997 | D:8      | Reached skill level 1 in Spellcasting
  6997 | D:8      | Reached skill level 1 in Necromancy
  7144 | D:8      | HP: 23/47 [Psyche (2)]
  7150 | D:8      | HP: 17/47 [disintegration (8)]
  7157 | D:8      | Killed Psyche
  7158 | D:8      | Reached skill level 3 in Fighting
  7158 | D:8      | Reached skill level 1 in Long Blades
  7331 | D:8      | Killed a two-headed ogre
  7332 | D:8      | Reached skill level 2 in Long Blades
  7332 | D:8      | Reached skill level 2 in Spellcasting
  7332 | D:8      | Reached skill level 2 in Necromancy
  7458 | D:8      | HP: 21/49 [hornet (10)]
  7498 | D:8      | Killed Maurice
  7765 | D:8      | Reached skill level 4 in Fighting
  7765 | D:8      | Reached skill level 3 in Spellcasting
  7765 | D:8      | Reached skill level 3 in Necromancy
  7791 | D:9      | Found a runed translucent door.
  7885 | D:9      | HP: 23/49 [orc warrior (15)]
  7909 | D:9      | Reached skill level 3 in Long Blades
  7946 | D:9      | Noticed a deep elf pyromancer
  7949 | D:9      | Killed a deep elf pyromancer
  7950 | D:9      | Reached XP level 11. HP: 54/54 MP: 17/17
  7987 | D:9      | Noticed a boulder beetle
  8046 | D:9      | Killed a boulder beetle
  8047 | D:9      | Reached skill level 4 in Spellcasting
  8047 | D:9      | Reached skill level 4 in Necromancy
  8069 | D:9      | Found the amulet of the Four Winds {rN+ Will+++ Clar}
  8089 | D:9      | Identified the +8 glaive of Hyaniuveu {elec, rC+ Dex+3}
  8122 | D:9      | Got Maymp's Volume of Sinister Rites and Confrontation
  8168 | D:9      | Reached skill level 5 in Fighting
  8168 | D:9      | Reached skill level 4 in Long Blades
  8394 | D:9      | Noticed a deep elf pyromancer
  8397 | D:9      | Noticed a fire dragon
  8574 | D:9      | Found Ziqeas's Assorted Antiques.
  8642 | D:9      | Killed a fire dragon
  8734 | D:9      | Killed a deep elf pyromancer
  8856 | D:10     | Entered Level 10 of the Dungeon
  8908 | D:10     | Noticed a two-headed ogre
  8913 | D:10     | Killed a two-headed ogre
  8914 | D:10     | Reached skill level 5 in Spellcasting
  8914 | D:10     | Reached skill level 5 in Necromancy
  8977 | D:10     | HP: 27/56 [yak (6)]
  9140 | D:10     | Found Kuputot's General Store.
  9162 | D:10     | Reached **** piety under Kikubaaqudgha
  9163 | D:10     | Reached skill level 5 in Long Blades
  9302 | D:10     | Noticed a two-headed ogre
  9309 | D:10     | Killed a two-headed ogre
  9310 | D:10     | Reached skill level 6 in Fighting
  9686 | D:11     | Found Aqipaul's Weapon Shop.
  9707 | D:11     | Found Zonoosy's Assorted Antiques.
  9716 | D:11     | Bought a fading ring mail for 261 gold pieces
  9716 | D:11     | Identified the +1 ring mail of Negation {Int+7} (You bought
                  | it in a shop on level 11 of the Dungeon)
  9716 | D:11     | Bought a coiled ivory ring for 145 gold pieces
  9716 | D:11     | Identified a ring "Wunkagou" {Fly rElec rC+ rN+ EV+4} (You
                  | bought it in a shop on level 11 of the Dungeon)
  9773 | D:11     | Found a staircase to the Lair.
  9795 | D:11     | Reached skill level 6 in Spellcasting
  9936 | D:11     | Reached skill level 6 in Necromancy
  9999 | D:11     | Found Hyrif's Distillery.
 10105 | D:11     | Reached XP level 12. HP: 62/62 MP: 22/22
 10386 | D:11     | Found Besagr Zanu's Jewellery Emporium.
 10389 | D:11     | HP: 28/62 [cyclops (7)]
 10394 | D:11     | HP: 28/62 [cyclops (4)]
 10750 | Lair:1   | Entered Level 1 of the Lair of Beasts
 10801 | Lair:1   | Learned a level 4 spell: Animate Dead
 10807 | Lair:1   | Learned a level 5 spell: Agony
 10811 | Lair:1   | Learned a level 3 spell: Vampiric Draining
 10897 | Lair:1   | Reached skill level 7 in Spellcasting
 10908 | Lair:1   | Reached skill level 7 in Fighting
 10927 | Lair:1   | Reached skill level 7 in Necromancy
 11668 | Lair:2   | HP: 22/63 [komodo dragon (22)]
 11673 | Lair:2   | Reached ***** piety under Kikubaaqudgha
 12098 | Lair:2   | Reached skill level 8 in Spellcasting
 12122 | Lair:2   | Reached skill level 8 in Necromancy
 12183 | Lair:2   | Reached skill level 8 in Fighting
 12748 | Lair:3   | HP: 32/65 [water moccasin (1)]
 12753 | Lair:3   | HP: 32/65 [poisoned by a water moccasin]
 12758 | Lair:3   | HP: 26/65 [wolf (2)]
 12763 | Lair:2   | HP: 29/65 [wolf (2)]
 12769 | Lair:2   | HP: 32/65 [wolf (1)]
 12774 | Lair:2   | HP: 20/65 [wolf (4)]
 12778 | Lair:2   | Reached XP level 13. HP: 19/69 MP: 7/26
 12962 | Lair:3   | Reached skill level 9 in Spellcasting
 13104 | Lair:3   | Reached skill level 9 in Necromancy
 13666 | Lair:4   | Found a staircase to the Shoals.
 13669 | Lair:4   | You are sucked into a shaft and drop 2 floors!
 13669 | Lair:6   | Entered Level 6 of the Lair of Beasts
 13716 | Lair:6   | Reached skill level 9 in Fighting
 13723 | Lair:6   | HP: 34/70 [black mamba (2)]
 13728 | Lair:6   | HP: 25/70 [poisoned by a black mamba]
 13733 | Lair:6   | HP: 25/70 [poisoned by a black mamba]
 13864 | Lair:6   | HP: 35/70 [cane toad (13)]
 13869 | Lair:6   | HP: 22/70 [poisoned by a cane toad]
 13874 | Lair:6   | HP: 15/70 [poisoned by a cane toad]
 13879 | Lair:6   | HP: 10/70 [poisoned by a cane toad]
 13884 | Lair:6   | HP: 11/70 [poisoned by a cane toad]
 14517 | Lair:4   | Found a hole to the Spider Nest.
 14853 | Lair:4   | Reached skill level 10 in Spellcasting
 14911 | Lair:4   | HP: 33/70 [manticore (4)]
 14913 | Lair:4   | HP: 14/70 [wind drake/the air (11)]
 14913 | Lair:4   | HP: 6/70 [manticore (5)]
 14920 | Lair:4   | HP: 8/70 [wind drake/the air (9)]
 14925 | Lair:4   | Reached skill level 10 in Necromancy
 15040 | Lair:3   | Identified 3 scrolls of acquirement
 15052 | Lair:3   | Acquired 938 gold pieces
 15200 | D:9      | Bought a runed cloak for 165 gold pieces
 15212 | D:9      | Acquired 607 gold pieces
 15215 | D:9      | Acquired the +4 pair of gloves "Doahaq" {Rampage Str+3
                  | Int+2}
 15942 | Lair:4   | Learned a level 6 spell: Death Channel
 16112 | Lair:5   | Reached skill level 1 in Armour
 16148 | Lair:5   | Reached skill level 10 in Fighting
 16402 | Lair:5   | Reached ****** piety under Kikubaaqudgha
 17046 | Lair:6   | Found a staircase to the Slime Pits.
 17147 | Lair:6   | Reached skill level 2 in Armour
 17243 | Lair:6   | Reached XP level 14. HP: 62/77 MP: 27/29
 17534 | Lair:6   | Reached skill level 3 in Armour
 17571 | Lair:6   | Reached skill level 13 in Stealth
 17576 | Lair:6   | Reached skill level 11 in Necromancy
 17810 | Lair:6   | HP: 38/77 [death yak (15)]
 17824 | Lair:6   | HP: 32/77 [death yak (10)]
 17959 | Lair:6   | HP: 36/77 [deep troll shaman (5)]
 18017 | Lair:6   | Identified the +7 mace "Saxesh" {vorpal, rF+}
 18247 | D:12     | Found a portal to a secret trove of treasure.
 18288 | D:12     | Noticed Nessos
 18289 | D:12     | Noticed Snorg
 18302 | D:12     | You are sucked into a shaft and drop 3 floors!
 18302 | D:15     | Entered Level 15 of the Dungeon
 18403 | D:15     | Reached skill level 4 in Armour
 18559 | D:15     | Noticed Azrael
 18569 | D:15     | HP: 29/77 [hell hound/blast of flame[Azrael] (15)]
 18930 | D:13     | Reached skill level 14 in Stealth
 19064 | D:13     | HP: 36/77 [will-o-the-wisp/foxfire (17)]
 19192 | D:13     | Reached skill level 5 in Armour
 19455 | D:12     | Found a staircase to the Orcish Mines.
 19651 | D:12     | HP: 38/77 [Snorg (3)]
 19682 | D:12     | Killed Nessos
 19692 | D:12     | Killed Snorg
 19693 | D:12     | Reached skill level 12 in Necromancy
 19938 | Orc:1    | Entered Level 1 of the Orcish Mines
 20225 | Orc:1    | Noticed an orc warlord
 20296 | D:12     | HP: 33/77 [orc warlord (12)]
 20313 | D:12     | HP: 28/77 [orc warlord (24)]
 20347 | D:12     | HP: 38/77 [orc warlord (8)]
 20359 | D:12     | Killed an orc warlord
 20825 | Orc:2    | Entered Level 2 of the Orcish Mines
 20855 | Orc:2    | Noticed Rupert
 20873 | Orc:2    | HP: 38/77 [Rupert (1)]
 20877 | Orc:2    | Killed Rupert
 20878 | Orc:2    | Reached skill level 6 in Armour
 20878 | Orc:2    | Reached skill level 15 in Stealth
 20878 | Orc:2    | Reached XP level 15. HP: 26/80 MP: 9/30
 20960 | Orc:2    | Found a frozen archway.
 20965 | Orc:2    | Found a staircase to the Elven Halls.
 20997 | IceCv    | Entered an ice cave
 21251 | IceCv    | Identified the amulet "Xoize" {RegenMP +Blink rF+ rN+
                  | Dex-2}
 21683 | Orc:2    | Found Dosak's Armour Shop.
 21848 | Orc:2    | Found Fipajeysaf's Antique Weapon Shoppe.
 21970 | Orc:2    | Noticed an orc warlord
 21994 | Orc:1    | HP: 33/80 [orc warlord (19)]
 22058 | D:12     | HP: 35/80 [orc warlord (8)]
 22077 | D:12     | HP: 39/80 [orc warlord (15)]
 22088 | D:12     | HP: 36/80 [orc warlord (16)]
 22125 | D:12     | HP: 39/80 [centaur/puff of flame (12)]
 22139 | D:12     | HP: 40/80 [orc warlord (12)]
 22151 | D:12     | HP: 27/80 [orc warlord (15)]
 22159 | D:12     | HP: 34/80 [centaur/arrow (3)]
 22175 | D:12     | HP: 18/80 [orc warlord (26)]
 22192 | D:12     | HP: 22/80 [orc warlord (16)]
 22218 | D:12     | HP: 27/80 [orc warlord (20)]
 22242 | D:12     | HP: 31/80 [orc warlord (25)]
 22285 | D:12     | HP: 37/80 [orc warlord (12)]
 22289 | D:12     | Killed an orc warlord
 22290 | D:12     | HP: 25/80 [centaur (4)]
 22698 | Orc:2    | Found Joilexta's Antique Weapon Boutique.
 22700 | Orc:2    | Found Axka's Antique Armour Shop.
 22713 | Orc:2    | Bought a faintly humming hat for 270 gold pieces
 22713 | Orc:2    | Identified the +0 hat of Kiteug {rElec rF+ rCorr} (You
                  | bought it in a shop on level 2 of the Orcish Mines)
 22834 | Orc:2    | Upgraded the game from 0.28-a0-620-g539b0f7ac7 to
                  | 0.28-a0-622-gbaef9634d7
 22848 | Orc:2    | Learned a level 5 spell: Borgnjor's Vile Clutch
 23054 | Spider:1 | Entered Level 1 of the Spider Nest
 23068 | Spider:1 | Noticed Nikola
 23090 | Spider:1 | HP: 13/80 [Nikola/arc of chain lightning (64)]
 23091 | Spider:1 | HP: 3/80 [Nikola/bolt of lightning (11)]
 23098 | Spider:1 | Killed from afar by Nikola

Illustrated notes

Levels and vault maps discovered:
D:1:      lemuel_arrival_cross, layout_loops_ring,
          hellmonk_ecumenical_altar_blasted
D:2:      layout_basic
D:3:      layout_loops_ring, advil_vaults_ghost_guards, grunt_decor_cap
D:4:      layout_basic, st_stairs_12, kennysheep_generic_room_2,
          uniq_blork_the_orc, uniq_crazy_yiuf_cottage
D:5:      layout_basic, minmay_temple_entry_tees
D:6:      layout_basic, nicolae_gozag_seed_capital
D:7:      layout_rooms, minmay_checkerbox
D:8:      layout_basic, gammafunk_ghost_hydra_chop, uniq_psyche, uniq_erica,
          uniq_maurice
D:9:      minmay_the_grid_four_pointed_star
          [minmay_the_grid_triangle_9x9_zippers_vertical,
          minmay_the_grid_triangle_9x9_descending_squares,
          minmay_the_grid_triangle_9x9_subtriangle,
          minmay_the_grid_triangle_9x9_pentomino_pain,
          minmay_the_grid_prize_trominoes], layout_long_grid, serial_shops,
          nicolae_shop_waterfront
D:10:     layout_irregular_city, serial_shops, shop_fountains,
          lemuel_flamethrower_2
D:11:     layout_cave_pods, erik_lair_orcish_takeover, serial_shops,
          nicolae_lakefront_shop, shop, shop_fountains, shop
D:12:     layout_cave_pools, hiddenorc2_lemuel, nicolae_trove_entry_isolated,
          uniq_snorg, uniq_nessos
D:13:     layout_roguey, pond, uniq_erolcha
D:14:     layout_loops_ring, lightli_vaults_fourway_checkpoint,
          corexii_hall_statues_l, kennysheep_generic_room_10
D:15:     grunt_enter_depths_magical_seal, layout_irregular_city,
          nzn_wu_jian_council_hall, uniq_azrael
Temple:   regret_index_temple_sigil_plot
Lair:1:   layout_loops_ring, serial_rivers, chequers_serial_rivers_room_a,
          chequers_serial_rivers_room_a, chequers_serial_rivers_room_b,
          chequers_serial_rivers_micro_c, grunt_megastairs_4
Lair:2:   layout_big_grid, grunt_megastairs_3
Lair:3:   layout_chaotic_city
Lair:4:   layout_small_grid, minmay_shoals_entry_beasts,
          spider_nest_entry_web_field
Lair:5:   layout_cave_pods
Lair:6:   grunt_lair_end_beastmaster, layout_cave_pods, slime_dummy
Spider:1: layout_chambers, drop_trap, uniq_nikola
Orc:1:    layout_diamond_mine
Orc:2:    grunt_orc_community_town_hall, layout_caves,
          grunt_orc_community_big_house_1, grunt_orc_community_big_house_2,
          grunt_orc_community_house_1, grunt_orc_community_house_1,
          grunt_orc_community_house_1, grunt_orc_community_house_3,
          grunt_orc_community_house_1, portal_ice_cave_entry_pillars_1,
          uniq_rupert

Skill      XL: |  1  2  3  4  5  6  7  8  9 10 11 12 13 14 |
---------------+-------------------------------------------+-----
Stealth        | 3 4 5 6 7 8 9 10 12 15 | 15.6
Short Blades   | 3 4 5 7 |  7.3
Hexes          | 1 3 5 6 7 |  7.0
Shields        | 3 4 |  4.0
Spellcasting   | 3 6 8 10 | 10.0
Necromancy     | 3 6 8 10 12 | 12.9
Fighting       | 4 6 8 10 | 10.0
Long Blades    | 3 5 |  5.1
Armour         | 2 6 |  6.7
Dodging        | |  2.4

Action                   |  1- 3 |  4- 6 |  7- 9 | 10-12 | 13-15 || total
-------------------------+-------+-------+-------+-------+-------++-------
Melee: Short sword       |    68 |       |       |    16 |   453 ||   537
       Bite              |    18 |    32 |   106 |   343 |   752 ||  1251
       Dagger            |    24 |   141 |   346 |   876 |   768 ||  2155
       Scimitar          |       |       |       |     6 |   587 ||   593
 Cast: Confusing Touch   |       |       |       |    12 |     6 ||    18
       Vampiric Draining |       |       |       |       |     4 ||     4
       Excruciating Woun |       |       |       |       |     2 ||     2
       Agony             |       |       |       |       |     2 ||     2
Evoke: Wand              |       |       |       |     6 |     1 ||     7
  Use: Scroll            |       |       |       |       |    25 ||    25
       Potion            |       |       |       |       |     1 ||     1
 Stab: Sleeping          |     8 |    16 |    16 |    14 |    44 ||    98
       Distracted        |     1 |     1 |       |     4 |       ||     6
       Confused          |       |       |       |    12 |     5 ||    17
       Petrified         |       |       |       |       |     2 ||     2
       Petrifying        |       |       |       |       |     1 ||     1
Armor: Robe              |    25 |    17 |    76 |    19 |       ||   137
       Acid dragon scale |       |       |       |    96 |   429 ||   525
Dodge: Dodged            |    53 |    65 |   220 |   488 |  1371 ||  2197
Block: Buckler           |       |       |       |   168 |   421 ||   589

Table legend: (Time is in decaauts)
 A = Elapsed time spent in this place.
 B = Non-inter-level travel time spent in this place.
 C = Inter-level travel time spent in this place.
 D = Time resting spent in this place.
 E = Time spent auto-exploring this place.
 F = Levels seen in this place.
 G = Mean time per level.
                   A        B        C        D        E       F      G
               +--------+--------+--------+--------+--------+-----+--------+
         Total |  22138 |  20666 |   1472 |    497 |  13353 |  26 |  851.5 |
       Dungeon |  12521 |  11803 |    718 |    344 |   7538 |  15 |  834.7 |
        Temple |    331 |    320 |     11 |      0 |    262 |   1 |  331.0 |
          Lair |   6851 |   6243 |    608 |    153 |   4227 |   6 | 1141.8 |
   Spider Nest |     42 |     42 |      0 |      0 |      6 |   1 |   42.0 |
  Orcish Mines |   2045 |   1913 |    132 |      0 |   1158 |   2 | 1022.5 |
      Ice Cave |    345 |    345 |      0 |      0 |    162 |   1 |  345.0 |
               +--------+--------+--------+--------+--------+-----+--------+

Top non-repeatable levels by time:
  Lair:6: 1671 daAuts
     D:1: 1344 daAuts
    D:12: 1228 daAuts
     D:4: 1147 daAuts
  Lair:4: 1141 daAuts
   Orc:2: 1141 daAuts
    D:11: 1129 daAuts
     D:8: 1082 daAuts
     D:9: 1039 daAuts
  Lair:1: 1038 daAuts
  Lair:5: 1036 daAuts
  Lair:2: 1001 daAuts
     D:2: 993 daAuts
  Lair:3: 961 daAuts
   Orc:1: 904 daAuts
